 Dungeon Crawl Stone Soup version 0.23-b1-67-g8bd44de8e4 (webtiles) character file.

Game seed: 9762547968526606374

6080 LostNumber the Schismatic (level 10, -4/82 HPs)
             Began as a Demonspawn Abyssal Knight on Feb 6, 2019.
             Was an Elder of Lugonu.
             Slain by an orc priest
             ... wielding a +0 hand axe of electrocution
              (20 damage)
             ... on level 10 of the Dungeon.
             The game lasted 00:29:41 (14273 turns).

LostNumber the Schismatic (DsAK)                   Turns: 14273, Time: 00:29:41

Health: -4/82      AC: 26    Str: 15    XL:     10   Next: 58%
Magic:  18/18      EV:  9    Int: 13    God:    Lugonu [****..]
Gold:   332        SH:  0    Dex: 14    Spells: 9/9 levels left

rFire    . . .     SeeInvis .   s - +3 flail (protect)
rCold    . . .     Gourm    .   (no shield)
rNeg     . . .     Faith    .   k - +1 scale mail
rPois    .         Spirit   .   (helmet restricted)
rElec    .         Reflect  .   (no cloak)
rCorr    +         Harm     .   (no gloves)
MR       +....                  (no boots)
Stlth    ..........             h - amulet of the acrobat
HPRegen  0.23/turn              l - ring of protection from magic
MPRegen  0.16/turn              d - ring of resist corrosion

@: sanguine armour, protection aura, heavily drained
A: antennae 1, rot immunity, sanguine armour 3
a: Depart the Abyss, Bend Space, Banish, Corrupt, Renounce Religion


You were on level 10 of the Dungeon.
You worshipped Lugonu.
Lugonu was greatly pleased with you.
You were not hungry.

You visited 1 branch of the dungeon, and saw 10 of its levels.
You visited the Abyss 1 time.

You collected 501 gold pieces.
You spent 169 gold pieces at shops.

Inventory:

Hand Weapons
 a - a +1 hand axe
 n - a +2 scimitar of flaming
   (You took it off Erica on level 8 of the Dungeon)
 s - a +3 flail of protection (weapon)
   (You took it off Edmund on level 5 of the Dungeon)
 D - a +1 flail of crushing
   (You took it off an orc on level 5 of the Dungeon)
 J - a +2 dagger of draining
   (You took it off an orc wizard on level 3 of the Dungeon)
 P - a +4 hand axe
   (You took it off a wight on level 9 of the Dungeon)
Missiles
 q - 2 throwing nets {!f}
 y - 2 poisoned tomahawks (quivered)
Armour
 b - a +0 leather armour
 k - a +1 scale mail (worn)
   (You found it on level 2 of the Dungeon)
 u - a +0 shield
   (You found it on level 4 of the Dungeon)
 B - a +0 chain mail
   (You took it off an orc on level 5 of the Dungeon)
 I - a scarf of repulsion
   (You found it on level 8 of the Dungeon)
 K - a +0 cloak
   (You took it off Maurice on level 8 of the Dungeon)
 M - a +0 pair of boots
   (You found it on level 8 of the Dungeon)
Jewellery
 d - a ring of resist corrosion (right hand)
   (You found it on level 3 of the Dungeon)
 h - an amulet of the acrobat (around neck)
   (You found it on level 2 of the Dungeon)
 l - a ring of protection from magic (left hand)
   (You found it on level 6 of the Dungeon)
 p - an uncursed ring of positive energy
   (You found it on level 3 of the Dungeon)
 A - an uncursed ring of ice
   (You found it on level 5 of the Dungeon)
Wands
 t - a wand of flame (9)
   (You found it on level 8 of the Dungeon)
 x - a wand of acid (9)
   (You found it on level 4 of the Dungeon)
Scrolls
 f - 2 scrolls of fear
 g - 4 scrolls of amnesia
 j - 4 scrolls of teleportation {@r4}
 m - a scroll of blinking {unknown}
 o - 6 scrolls of enchant weapon
 r - 3 scrolls of immolation {!r}
 C - a scroll of random uselessness {unknown}
 E - 5 scrolls of remove curse {@r2}
 G - 2 scrolls of magic mapping
 N - a scroll of torment {unknown}
 O - a scroll of enchant armour
Potions
 c - 2 potions of haste {@q3}
 i - 6 potions of curing {@q1}
 v - a potion of cancellation {unknown}
 w - a potion of mutation {!q}
 z - a potion of flight
 F - 2 potions of heal wounds {@q2}
 H - a potion of resistance {unknown}
 L - a potion of magic {unknown}
Comestibles
 e - 15 rations {!d}
 Q - 3 chunks of flesh


   Skills:
 + Level 8.6(6.7) Fighting
 * Level 10.5(8.6) Axes
 - Level 1.7(0.2) Armour
 - Level 0.8(0.0) Dodging
 + Level 0.1(0.0) Stealth
 + Level 10.6(8.7) Invocations


You had 9 spell levels left.
You didn't know any spells.
Your spell library contained the following spells:

 Spells                   Type           Power        Failure   Level  Hunger
 Flame Tongue             Conj/Fire      #....        77%         1    ##.....
 Throw Flame              Conj/Fire      #.....       88%         2    ###....
 Conjure Flame            Conj/Fire      #.......     98%         3    ####...
 Inner Flame              Hex/Fire       #.......     98%         3    ####...
 Sticky Flame             Conj/Fire      #.......     100%        4    #####..
 Fireball                 Conj/Fire      #.........   100%        5    ######.


Dungeon Overview and Level Annotations

Branches:
Dungeon (10/15)            Temple (0/1) D:6
   Lair: D:8-11         Orc: D:9-12

Altars:
Gozag
Hepliaklqana
Makhleb
Qazlal
Sif Muna
Uskayaw
Vehumet
Wu Jian
Xom
Yredelemnul
Zin
The Shining One

Shops:
D:2 *   D:7 !

Annotations:
D:4 2 runed translucent doors, PeterQ's ghost, amateur DsGl
D:7 corrupted
Abyss:1 Prince Ribbit


Innate Abilities, Weirdness & Mutations

You have a pair of small antennae on your head.
You are immune to rotting.
When seriously injured, your bleeding wounds create very thick armour. (AC +12)


Message History

The orc wizard mumbles some strange words.
The orc wizard blinks!
A worker ant comes into view.
Unknown command.
The worker ant twitches its antennae in your direction.
You hit the orc wizard.
The orc wizard gestures at you while chanting.
The magic dart hits you but does no damage.
You sock the orc wizard! The orc wizard closely misses you.
You sock the orc wizard!
You kill the orc wizard!
Lugonu accepts your kill. The worker ant closely misses you.
Unknown command.
You sock the orc wizard!
You kill the orc wizard!
Lugonu accepts your kill. The worker ant completely misses you.
Your scale mail prevents you from hitting the worker ant.
The worker ant bites you but does no damage. x2
You hit the worker ant. The worker ant completely misses you.
You hit the worker ant. The worker ant barely misses you.
The orc priest miscasts a cantrip.
You hit the worker ant. The worker ant barely misses you. x2
You thump the worker ant!
You kill the worker ant!
Lugonu accepts your kill. The orc priest barely misses you.
You hit the orc priest.
The orc priest hits you but does no damage.
You are electrocuted!!
* * * LOW HITPOINT WARNING * * *
You closely miss the orc priest.
The orc priest hits you but does no damage.
Some of the chunks of flesh in your inventory have rotted away.
You closely miss the orc priest. The orc priest barely misses you.
Unknown command.
You hit the orc priest.
The orc priest hits you but does no damage.
You hit the orc priest. The orc priest closely misses you.
You sock the orc priest!
The orc priest hits you with a +0 hand axe of electrocution.
* * * LOW HITPOINT WARNING * * *
You barely miss the orc priest.
The orc priest hits you with a +0 hand axe of electrocution.
* * * LOW HITPOINT WARNING * * *
You closely miss the orc priest.
The orc priest hits you but does no damage.
You are electrocuted!!
You die...

# ##########.#
§o§........#
#o# #@#
..#####)####
#......#...#
#######.##.###
###..........#
........##.#.#
..#.######.#.#
# #.#.#
####.#..


You could see an orc priest.

Vanquished Creatures
  Erica (D:8)
  Pikel (D:8)
  Joseph (D:8)
  Maurice (D:8)
  A hippogriff (D:7)
  Edmund (D:5)
  Menkaure (D:6)
  Grum (D:8)
  2 sky beasts
  An orc warrior (D:5)
  2 slaves (D:8)
  A hornet zombie (D:10)
  A phantom (D:6)
  2 wolves (D:8)
  2 centaurs
  3 big kobolds
  2 bullfrogs (D:9)
  4 scorpions
  8 wights
  3 howler monkeys
  2 crimson imps (D:5)
  2 bullfrog zombies (D:9)
  A hound (D:8)
  A centaur zombie (D:5)
  4 jellies
  A gnoll shaman (D:5)
  5 orc priests
  2 centaur skeletons
  2 iguanas
  3 bullfrog skeletons
  8 worker ants
  10 orc wizards
  16 gnolls
  A howler monkey skeleton (D:5)
  An adder (D:6)
  A shadow imp (D:10)
  7 oozes
  An adder zombie (D:7)
  An adder skeleton (D:5)
  A worm (D:2)
  3 dart slugs (D:1)
  6 leopard geckos
  36 orcs
  11 bats
  8 giant cockroaches
  8 goblins
  9 hobgoblins
  6 jackals
  4 quokkas
  A ball python (D:3)
  6 frilled lizards
  A giant cockroach zombie (D:5)
  A jackal skeleton (D:4)
  A jackal zombie (D:6)
  19 kobolds
  6 rats
235 creatures vanquished.

Vanquished Creatures (others)
  A two-headed ogre (D:8)
  An ogre (D:5)
  A bullfrog (D:7)
  5 killer bees (D:7)
  2 orc wizards (D:7)
  An iguana (D:7)
  4 orcs
  A quokka (D:7)
  A kobold (D:8)
17 creatures vanquished.

Grand Total: 252 creatures vanquished

Notes
Turn   | Place    | Note
-------+----------+-------------------------------------------
     0 | Abyss:1  | LostNumber the Demonspawn Abyssal Knight began the quest
                  | for the Orb.
     0 | Abyss:1  | Reached XP level 1. HP: 18/18 MP: 2/2
    58 | Abyss:1  | Noticed a tentacled starspawn
    59 | D:1      | Escaped the Abyss
   205 | D:1      | Reached * piety under Lugonu
   222 | D:1      | Gained mutation: You are immune to rotting. [demonic
                  | ancestry]
   222 | D:1      | Reached XP level 2. HP: 22/24 MP: 4/4
   690 | D:1      | Reached XP level 3. HP: 26/29 MP: 5/5
   961 | D:2      | Found Gozag's Platinum Reserve.
   961 | D:2      | Found an opulent altar of Gozag.
  1695 | D:3      | Found a hazy altar of Hepliaklqana.
  1867 | D:2      | Gained mutation: When seriously injured, your bleeding
                  | wounds create armour. (AC +12) [demonic ancestry]
  1867 | D:2      | Reached XP level 4. HP: 32/35 MP: 6/6
  2208 | D:3      | Found a basalt altar of Yredelemnul.
  2209 | D:3      | Found a radiant altar of Vehumet.
  2281 | D:3      | Reached ** piety under Lugonu
  2675 | D:2      | Gained mutation: When seriously injured, your bleeding
                  | wounds create thick armour. (AC +12) [demonic ancestry]
  2675 | D:2      | Reached XP level 5. HP: 15/42 MP: 7/7
  3389 | D:3      | Found a deep blue altar of Sif Muna.
  4270 | D:3      | Gained mutation: When seriously injured, your bleeding
                  | wounds create very thick armour. (AC +12) [demonic
                  | ancestry]
  4270 | D:3      | Reached XP level 6. HP: 42/48 MP: 9/9
  4735 | D:4      | Noticed a +0 hand axe
  4736 | D:4      | Noticed a +0 hand axe
  5082 | D:4      | Found a glowing golden altar of the Shining One.
  5396 | D:3      | Reached skill level 5 in Invocations
  5506 | D:4      | Found an ornate altar of the Wu Jian Council.
  5528 | D:4      | Found a runed translucent door.
  5596 | D:4      | Found a hide-covered altar of Uskayaw.
  5652 | D:4      | Noticed PeterQ's ghost (amateur DsGl)
  5682 | D:4      | Found a runed translucent door.
  5760 | D:4      | Reached skill level 5 in Axes
  5923 | D:3      | Reached *** piety under Lugonu
  5923 | D:3      | Reached XP level 7. HP: 50/55 MP: 10/10
  6111 | D:5      | Entered Level 5 of the Dungeon
  6194 | D:5      | Found an ornate altar of the Wu Jian Council.
  6749 | D:5      | Reached skill level 5 in Fighting
  7232 | D:5      | Found a shimmering altar of Xom.
  7918 | D:6      | Noticed Edmund
  7968 | D:5      | Gained mutation: You have a pair of small antennae on your
                  | head. [demonic ancestry]
  7968 | D:5      | Reached XP level 8. HP: 63/63 MP: 12/12
  8609 | D:6      | Noticed Menkaure
  8629 | D:6      | Killed Menkaure
  9061 | D:5      | Killed Edmund
  9880 | D:6      | Found a burning altar of Makhleb.
  9883 | D:6      | Found a glowing silver altar of Zin.
  9883 | D:6      | Noticed an angel
  9884 | D:6      | Noticed a balrug
 10000 | D:6      | Found a staircase to the Ecumenical Temple.
 10131 | D:7      | Reached **** piety under Lugonu
 10189 | D:6      | Reached XP level 9. HP: 68/71 MP: 13/15
 10547 | D:7      | Corrupted D:7
 10547 | D:7      | Noticed a smoke demon
 10547 | D:7      | Noticed a starcursed mass
 10547 | D:7      | Noticed a sixfirhy
 10547 | D:7      | Noticed a large abomination
 10548 | D:7      | Noticed a starcursed mass
 10548 | D:7      | Noticed an orange demon
 10549 | D:7      | Noticed a demonic crawler
 10557 | D:7      | Noticed a sun demon
 10559 | D:7      | Noticed an apocalypse crab
 11086 | D:7      | Found a stormy altar of Qazlal.
 11147 | D:7      | Found Puludepa's Distillery.
 11155 | D:7      | Bought a potion of lignification for 39 gold pieces
 11155 | D:7      | Bought a potion of haste for 130 gold pieces
 11293 | D:8      | Noticed Prince Ribbit
 11308 | D:8      | Banished Prince Ribbit
 11563 | D:8      | Noticed Joseph
 11649 | D:8      | Killed Joseph
 11781 | D:8      | Noticed Maurice
 11825 | D:8      | Killed Maurice
 12050 | D:8      | Noticed Erica
 12073 | D:8      | Killed Erica
 12073 | D:8      | Reached XP level 10. HP: 75/80 MP: 17/17
 12299 | D:8      | Noticed Grum
 12303 | D:8      | Killed Grum
 12487 | D:8      | Noticed a two-headed ogre
 12493 | D:8      | Banished a two-headed ogre
 12493 | D:8      | Reached skill level 10 in Invocations
 12495 | D:8      | Noticed Pikel
 12526 | D:8      | Killed Pikel
 12526 | D:8      | Reached skill level 10 in Axes
 14027 | D:10     | Entered Level 10 of the Dungeon
 14273 | D:10     | Slain by an orc priest

Skill      XL: |  1  2  3  4  5  6  7  8  9 10 |
---------------+-------------------------------+-----
Axes           | 2 3 4 5 6 7 9 10 | 10.5
Invocations    | 3 4 5 6 8 9 10 | 10.6
Fighting       | 4 5 6 7 8 |  8.6
Armour         | |  1.7
Dodging        | |  0.8
Stealth        | |  0.1

Action                   |  1- 3 |  4- 6 |  7- 9 | 10-12 || total
-------------------------+-------+-------+-------+-------++-------
Melee: Hand axe          |   132 |   218 |       |       ||   350
       Dagger            |       |    89 |   162 |       ||   251
       Flail             |       |       |   404 |   206 ||   610
Invok: Depart the Abyss  |     1 |       |       |       ||     1
       Bend Space        |       |     1 |       |       ||     1
       Banish            |       |       |     3 |     3 ||     6
       Corrupt           |       |       |     1 |       ||     1
Evoke: Wand              |       |       |     7 |       ||     7
  Use: Scroll            |       |     4 |     9 |     1 ||    14
       Potion            |       |       |     2 |     1 ||     3
 Stab: Sleeping          |     2 |       |       |       ||     2
  Eat: Chunk             |     3 |    13 |    18 |     6 ||    40
       Ration            |       |       |     1 |     1 ||     2
Armor: Leather armour    |    30 |       |       |       ||    30
       Scale mail        |    17 |   106 |   267 |    93 ||   483
       Skin              |       |       |    26 |       ||    26
Dodge: Dodged            |    89 |   145 |   276 |   119 ||   629
